 Dungeon Crawl Stone Soup version 0.12.2-12-gd1dd697 (webtiles) character file.

137 Rycklaryybbe the Exhumer (level 3, -1/27 HPs)
             Began as a Demonspawn Death Knight on July 16, 2013.
             Was a Follower of Yredelemnul.
             Slain by Crazy Yiuf
             ... wielding a +3,+4 quarterstaff of chaos
              (19 damage)
             ... on Level 2 of the Dungeon.
             The game lasted 00:04:17 (1604 turns).

Rycklaryybbe the Exhumer (Demonspawn Death Knight)  Turns: 1604, Time: 00:04:18

HP  -1/27        AC  9     Str 13      XL: 3   Next: 33%
MP   5/5         EV  8     Int 12      God: Yredelemnul [*.....]
Gold 95          SH  0     Dex 13      Spells:  0 memorised,  2 levels left

Res.Fire  : . . .   See Invis. : .   a - +1 spear {=f}
Res.Cold  : . . .   Warding    : .   k - +0 elf scale mail
Life Prot.: . . .   Conserve   : .   (no shield)
Res.Poison: .       Res.Corr.  : .   i - +0 helmet
Res.Elec. : .       Clarity    : .   (no cloak)
Sust.Abil.: . .     Spirit.Shd : .   p - +0 pair of gauntlets
Res.Mut.  : .       Stasis     : .   m - +0 pair of boots
Res.Rott. : .       Ctrl.Telep.: .   (no amulet)
Saprovore : . . .   Flight     : .   q - cursed ring of hunger
                                     l - ring of wizardry

@: nauseated, not resistant to hostile enchantments, extremely unstealthy
A: talons 1
a: Animate Remains, Renounce Religion


You were on level 2 of the Dungeon.
You worshipped Yredelemnul.
Yredelemnul was most pleased with you.
You were not hungry.

You visited 1 branch of the dungeon, and saw 2 of its levels.

You collected 75 gold pieces.

Inventory:

Hand weapons
 a - a +1,+1 spear (weapon) {=f}
 r - a +3,+1 elven dagger of protection (quivered)
Missiles
 g - 15 poisoned needles
Armour
 b - a +0 leather armour
 i - a +0 helmet (worn)
 k - a +0 elven scale mail (worn)
 m - a +0 pair of boots (worn)
 p - a +0 pair of gauntlets (worn)
 s - a +0 splint mail
Magical devices
 n - a wand of polymorph (11) {unknown}
Scrolls
 e - a scroll of magic mapping {unknown}
 f - a scroll of enchant weapon II {unknown}
 o - a scroll of remove curse {unknown}
Jewellery
 l - a ring of wizardry (left hand)
 q - a cursed ring of hunger (right hand)
Potions
 d - 2 potions of magic {unknown}
 h - a potion of agility {unknown}
 j - a potion of degeneration {unknown}


   Skills:
 - Level 2.0 Fighting
 + Level 3.4 Polearms
 - Level 0.8 Armour
 - Level 0.8 Dodging
 - Level 3.6 Invocations


You had 2 spell levels left.
You didn't know any spells.

Dungeon Overview and Level Annotations

Branches:
Dungeon (2/27)

Altars:
Nemelex Xobeh

Annotations
D:2 Crazy Yiuf


Innate Abilities, Weirdness & Mutations

You have sharp toenails.


Message History

Crazy Yiuf comes into view.
He is wielding a quarterstaff of chaos.
Crazy Yiuf shouts!
Crazy Yiuf moves out of view.
Found a hammer.
Crazy Yiuf screams, "Cake eyeball Xom!"
You swap places.
Crazy Yiuf hits your worm zombie with a quarterstaff of chaos!
Your worm zombie misses Crazy Yiuf.
Crazy Yiuf hits your worm zombie with a quarterstaff of chaos!
Crazy Yiuf burns your worm zombie.
Crazy Yiuf hits your worm zombie with a quarterstaff of chaos!
Crazy Yiuf hits your worm zombie with a quarterstaff of chaos!
Your worm zombie is destroyed!
You hit Crazy Yiuf.
Crazy Yiuf is lightly wounded.
Crazy Yiuf hits you with a quarterstaff of chaos.
You are electrocuted!
Ouch! That really hurt!
You die...
Your body rises from the dead as a mindless zombie.

..# .. ♣##.#
###+####### ♣♣♣.♣
#.........#♣♣♣.♣♣
####.........#♣♣♣.♣♣
...'.........#♣♣.♣♣♣♣
####.........#♣♣♣g♣♣♣
#.........#♣♣@ff♣♣♣
###.........#♣♣.ff♣♣♣
.............###))..#
≈≈≈≈≈≈..###.## #....#
≈≈≈≈≈≈..# #.#####).)#
≈≈>_≈≈..# #........##
≈≈.⌠≈≈..# ##########
≈≈≈≈≈≈..# ≈≈≈≈≈≈..#


You could see Crazy Yiuf.

Vanquished Creatures
  An adder (D:2)
  2 worms (D:2)
  A giant cockroach (D:1)
  3 goblins
  A hobgoblin (D:1)
  2 kobolds (D:1)
  A ball python (D:1)
  2 bats (D:1)
  3 rats
  A fungus (D:2)
17 creatures vanquished.

Vanquished Creatures (collateral kills)
  An adder (D:2)
  A bat (D:2)
2 creatures vanquished.

Vanquished Creatures (others)
  A worm zombie (D:2)
  A bat zombie (D:2)
  A ball python zombie (D:2)
3 creatures vanquished.

Grand Total: 22 creatures vanquished

Notes
Turn   | Place    | Note
--------------------------------------------------------------
     0 | D:1      | Rycklaryybbe, the Demonspawn Death Knight, began the quest for the Orb.
     0 | D:1      | Reached XP level 1. HP: 16/16 MP: 2/2
   920 | D:1      | Reached XP level 2. HP: 22/22 MP: 4/4
  1203 | D:2      | Found a sparkling altar of Nemelex Xobeh.
  1382 | D:2      | Gained mutation: You have sharp toenails. [demonic ancestry]
  1382 | D:2      | Reached XP level 3. HP: 23/27 MP: 5/5
  1592 | D:2      | Noticed Crazy Yiuf
  1604 | D:2      | Slain by Crazy Yiuf

Action                   || total
-------------------------++-------
Melee: Spear             ||   119
Invok: Animate Remains   ||     4
